 Dungeon Crawl Stone Soup version 0.29.0-7-g18a832c13a (webtiles) character file.

Game seed: 12275713294511556316

425 SensoryNuts the Slasher (level 6, -5/48 HPs)
             Began as a Demonspawn Fighter on Sept 1, 2022.
             Slain by a scorpion (6 damage)
             ... on level 5 of the Dungeon.
             The game lasted 00:03:58 (3801 turns).

SensoryNuts the Slasher (Demonspawn Fighter)        Turns: 3801, Time: 00:03:58

Health: -5/48      AC:  8    Str: 14 (16) XL:     6   Next: 64%
Magic:  6/6        EV: 13    Int:  4 (5)  God:
Gold:   1169       SH:  4    Dex: 12 (15) Spells: 5/5 levels left

rFire   + + +      SeeInvis .   a - +0 long sword
rCold   x . .      Faith    .   c - +0 buckler
rNeg    . . .      Spirit   .   q - +2 leather armour of Quantum Leap {rF+++ rC- Regen+ Int-4}
rPois   .          Reflect  .   (no helmet)
rElec   .          Harm     .   p - +1 cloak
rCorr   .          Rampage  .   (no gloves)
Will    .....                   i - +0 pair of boots
Stlth   +.........              (no amulet)
HPRegen 0.96/turn               (no ring)
MPRegen 0.20/turn               (no ring)

@: mighty, lethally poisoned (-5 -> -8), attractive
A: repulsion field 1, magic regeneration
a: no special abilities


You were on level 5 of the Dungeon.
You visited 1 branch of the dungeon, and saw 5 of its levels.

You collected 1169 gold pieces.

Inventory:

Hand Weapons
 a - a +0 long sword (weapon)
Armour
 c - a +0 buckler (worn)
 i - a +0 pair of boots (worn)
 p - a +1 cloak (worn)
 q - the +2 leather armour of Quantum Leap (worn) {rF+++ rC- Regen+ Int-4}
   (You found it on level 3 of the Dungeon)

   Int:       It affects your intelligence (-4).
   rF:        It renders you almost immune to fire.
   rC:        It makes you vulnerable to cold.
   Regen:     It increases your rate of health regeneration.
Jewellery
 h - an amulet of magic regeneration
 k - a ring of flight
 o - a ring of protection from cold
Scrolls
 m - 4 scrolls of immolation
Potions
 d - 2 potions of might
 e - 3 potions of lignification
 f - a potion of invisibility
 g - 3 potions of curing
 j - a potion of attraction
 n - a potion of heal wounds {unknown}


   Skills:
 + Level 4.1 Fighting
 * Level 4.8 Long Blades
 + Level 3.5 Armour
 + Level 1.5 Dodging
 + Level 0.1 Stealth
 + Level 3.2 Shields


You had 5 spell levels left.
You didn't know any spells.
Your spell library contained the following spells:

 Spells                   Type           Power      Damage    Failure   Level
 Apportation              Tloc           0%         N/A       67%         1
 Necrotise                Necr           0%         1d4       67%         1
 Summon Small Mammal      Summ           0%         N/A       67%         1
 Gell's Gravitas          Tloc           0%         N/A       95%         3
 Inner Flame              Hex/Fire       0%         N/A       95%         3
 Lesser Beckoning         Tloc           0%         N/A       95%         3
 Teleport Other           Tloc           0%         N/A       95%         3
 Cause Fear               Hex            0%         N/A       100%        4
 Discord                  Hex            0%         N/A       100%        8


Dungeon Overview and Level Annotations

Branches:
Dungeon (5/15)
 Temple: D:4-7

Altars:

Shops:
D:1 [


Innate Abilities, Weirdness & Mutations

You are surrounded by a mild repulsion field. (EV +2)
You regenerate magic rapidly.


Message History

The black bear misses you. The black bear bites you.
* * * LOW HITPOINT WARNING * * *
The black bear misses you. The black bear completely misses you.
It was a potion of curing.
You feel better.
The black bear is no longer berserk.
The black bear bites you but does no damage.
The black bear claws you.
* * * LOW HITPOINT WARNING * * *
The black bear barely misses you.
It was a potion of attraction.
You feel attractive to monsters. The black bear barely misses you.
You block the black bear's attack. The black bear misses you.
You slash the black bear!
You kill the black bear!
An orc comes into view. It is wielding a +0 short sword.
You slash the scorpion!
The scorpion is severely wounded.
The scorpion stings you.
* * * LOW HITPOINT WARNING * * *
The scorpion stings you but does no damage.
You closely miss the scorpion.
The scorpion is severely wounded.
You block the scorpion's attack.
An orc comes into view. It is wielding a +0 mace.
Unknown command.
It was a potion of degeneration.
There was something very wrong with that liquid.
You feel weakened.
You feel dopey.
You feel clumsy.
The orc shouts!
The scorpion stings you.
* * * LOW HITPOINT WARNING * * *
You are lethally poisoned!
The scorpion poisons you!
* * * LOW HITPOINT WARNING * * *
You feel very sick. The scorpion stings you.
* * * LOW HITPOINT WARNING * * *
The scorpion stings you.
You die... ## #. .. #. #. #. ######o### ......os@# ######.##.# #. ## #. #$ #. ##

You could see a scorpion and 2 orcs.

Vanquished Creatures
  A black bear (D:5)
  A scorpion (D:5)
  2 hounds
  A jelly (D:4)
  An orc wizard (D:3)
  10 adders
  2 dart slugs
  8 orcs
  8 bats
  2 endoplasms (D:4)
  2 goblins (D:4)
  2 hobgoblins
  9 jackals
  6 kobolds
  A quokka (D:3)
  8 ball pythons
  12 frilled lizards
  2 rats (D:3)
78 creatures vanquished.

Vanquished Creatures (others)
  16 plants
16 creatures vanquished.

Grand Total: 94 creatures vanquished

Notes
Turn   | Place    | Note
-------+----------+-------------------------------------------
     0 | D:1      | SensoryNuts the Demonspawn Fighter began the quest for the
                  | Orb.
     0 | D:1      | Reached XP level 1. HP: 18/18 MP: 1/1
   215 | D:1      | Found Mokacrol's Antique Armour Shop.
   705 | D:2      | Found a faded altar of an unknown god.
   714 | D:2      | Gained mutation: You regenerate magic rapidly. [demonic
                  | ancestry]
   714 | D:2      | Reached XP level 2. HP: 24/24 MP: 2/2
  1011 | D:2      | Gained mutation: You are surrounded by a mild repulsion
                  | field. (EV +2) [demonic ancestry]
  1011 | D:2      | Reached XP level 3. HP: 26/29 MP: 3/3
  1678 | D:2      | Identified a scroll of acquirement
  1678 | D:2      | Acquired 929 gold pieces
  1709 | D:3      | Reached XP level 4. HP: 25/36 MP: 4/4
  2439 | D:3      | Reached XP level 5. HP: 42/42 MP: 5/5
  2660 | D:3      | Identified the +2 leather armour of Quantum Leap {rF+++ rC-
                  | Regen+ Int-4}
  3465 | D:4      | Reached skill level 1 in Dodging
  3539 | D:4      | Reached XP level 6. HP: 48/48 MP: 6/6
  3770 | D:5      | Entered Level 5 of the Dungeon
  3794 | D:5      | HP: 1/48 [black bear (2)]
  3801 | D:5      | HP: 1/48 [scorpion (2)]
  3801 | D:5      | Slain by a scorpion

Illustrated notes

Levels and vault maps discovered:
D:1:      ncdulo_lavacross, layout_basic, serial_shops, shop, hex_intersection
D:2:      layout_loops_cross, nicolae_ecumenical_snake_handling,
          minmay_lizard_king
D:3:      layout_loops_ring, nrook_loot_triangle, guppyfry_early_lair_pool
D:4:      layout_loops_ring
D:5:      layout_loops_ring, nicolae_qazlal_scattered_showers,
          minmay_fountain_box, grunt_ministairs_13, glass_columns_c,
          hangedman_glass_teeth, uniq_ijyb, uniq_menkaure

Skill      XL: |  1  2  3  4  5  6 |
---------------+-------------------+-----
Long Blades    | 2 3 4 |  4.8
Shields        | 3 |  3.2
Armour         | 3 |  3.5
Dodging        | 1 |  1.5
Fighting       | 4 |  4.1
Stealth        | |  0.1

Action                   |  1- 3 |  4- 6 || total
-------------------------+-------+-------++-------
Melee: Long sword        |   124 |   225 ||   349
  Use: Scroll            |     2 |     7 ||     9
       Potion            |       |     4 ||     4
 Stab: Sleeping          |       |     1 ||     1
Armor: Scale mail        |    62 |    48 ||   110
       Leather armour    |       |    58 ||    58
Dodge: Dodged            |    60 |   182 ||   242
Block: Buckler           |    39 |    93 ||   132
